 Dungeon Crawl Stone Soup version 0.30.1-9-gdf580d7c3d (webtiles) character file.

Game seed: 779691688366102473

578737 Electrofox the Conqueror (level 25, -1/282 HPs)
             Began as a Minotaur Fighter on Oct 5, 2023.
             Was a High Priest of Trog.
             Killed from afar by a black draconian knight (10 damage)
             ... with a bolt of lightning
             ... on level 5 of the Realm of Zot on Oct 16, 2023.
             The game lasted 11:53:56 (78964 turns).

Electrofox the Conqueror (Minotaur Fighter)        Turns: 78964, Time: 11:53:57

Health: -1/282     AC: 40    Str: 33      XL:     25   Next: 86%
Magic:  7/7        EV: 10    Int:  3      God:    Trog [*****.]
Gold:   3835       SH: 34    Dex:  9 (11) Spells: 24/24 levels left

rFire   + + +        Y - +4 broad axe (antimagic)
rCold   + + .        b - +8 tower shield {rPois}
rNeg    + + +        Z - +14 chain mail "Himerap" {rN++ rCorr Dex-2}
rPois   +            C - +0 hat
rElec   +            G - +2 cloak
rCorr   +            B - +2 pair of gloves of Bafrassag {rF+++ Dex-5 Slay+4}
SInv    .            x - +2 pair of boots {Fly}
Will    ++...        S - amulet of reflection Stlth
                     e - ring of Telidy {rElec rPois rC+ rN+}
HPRegen 0.67/turn    X - ring "Noril" {Str+4 Dex+6}
MPRegen 0.10/turn

%: reflection
@: mighty, about to teleport, marked, flying, studying Short Blades
A: horns 2, retaliatory headbutt, cold resistance 1, deformed body,
deterioration 2, dopey 2, strong-willed 1, robust 1, wild magic 1, inability to
drink after injury 1
}: 3/15 runes: serpentine, barnacled, slimy
a: Renounce Religion, Berserk, Trog's Hand, Brothers in Arms


You were on level 5 of the Realm of Zot.
You worshipped Trog.
Trog was extremely pleased with you.
You visited 11 branches of the dungeon, and saw 50 of its levels.
You visited 1 bazaar.
You also visited: Gauntlet, Ice Cave and Desolation.

You collected 6912 gold pieces.
You spent 3077 gold pieces at shops.

Inventory:

Hand Weapons
 c - a +6 heavy demon whip
 v - a +9 eveningstar of freezing
 R - a +3 broad axe of flaming
 Y - a +4 antimagic broad axe (weapon)
Missiles
 a - 29 atropa-tipped darts
 p - 32 boomerangs
 r - 3 silver boomerangs (quivered)
 J - 23 poisoned darts
 M - 7 silver javelins
 P - 8 curare-tipped darts
 Q - 7 javelins
 W - 5 throwing nets
Armour
 b - a +8 tower shield of poison resistance (worn)
 x - a +2 pair of boots of flying (worn)
 B - the +2 pair of gloves of Bafrassag (worn) {rF+++ Dex-5 Slay+4}
   (You found it in a Gauntlet)

   Dex:       It affects your dexterity (-5).
   Slay:      It affects your accuracy & damage with ranged weapons and melee
   (+4).
   rF:        It renders you almost immune to fire.
 C - a +0 hat (worn)
 G - a +2 cloak (worn)
 Z - the +14 chain mail "Himerap" (worn) {rN++ rCorr Dex-2}
   (You bought it in a shop on level 2 of the Shoals)

   Dex:       It affects your dexterity (-2).
   rN:        It greatly protects you from negative energy.
   rCorr:     It protects you from acid and corrosion.
Jewellery
 e - the ring of Telidy (left hand) {rElec rPois rC+ rN+}
   (You found it in the Desolation of Salt)

   [ring of protection from cold]

   rC:        It protects you from cold.
   rElec:     It insulates you from electricity.
   rPois:     It protects you from poison.
   rN:        It protects you from negative energy.
 w - a ring of see invisible
 S - an amulet of reflection (around neck)
 X - the ring "Noril" (right hand) {Str+4 Dex+6}
   (You took it off a naga warrior on level 3 of the Snake Pit)

   [ring of dexterity]

   Str:       It affects your strength (+4).
   Dex:       It affects your dexterity (+6).
Wands
 q - a wand of flame (100)
 u - a wand of quicksilver (26)
 z - a wand of charming (42)
 A - a wand of iceblast (48)
 D - a wand of polymorph (24)
 H - a wand of digging (20)
 T - a wand of mindburst (19)
Scrolls
 f - 4 scrolls of silence
 h - 8 scrolls of fear
 k - 14 scrolls of fog
 m - 12 scrolls of teleportation
 n - a scroll of enchant armour
 o - 5 scrolls of poison
 E - 2 scrolls of magic mapping
 K - 4 scrolls of blinking
Potions
 d - 6 potions of might
 g - 3 potions of ambrosia
 i - 14 potions of curing
 j - 3 potions of cancellation
 l - 2 potions of haste
 F - 5 potions of invisibility
 I - 3 potions of resistance
 L - 2 potions of mutation
Miscellaneous
 s - a phial of floods
 y - a phantom mirror (inert)
 O - a condenser vane (inert)
 V - a lightning rod (4/4)


   Skills:
 O Level 27 Fighting
 - Level 16.3(18.0) Axes
 - Level 12.6(16.1) Maces & Flails
 + Level 18.0 Throwing
 O Level 27 Armour
 - Level 23.0 Shields
 + Level 13.2 Evocations


You had 24 spell levels left.
You didn't know any spells.
Your spell library contained the following spells:

 Spells                   Type           Power      Damage    Failure   Level
 Ensorcelled Hibernation  Hex/Ice        0%         N/A       94%         2
 Lesser Beckoning         Tloc           0%         N/A       94%         2
 Sublimation of Blood     Necr           0%         N/A       94%         2
 Wereblood                Tmut           0%         N/A       94%         2
 Gell's Gravitas          Tloc           0%         N/A       99%         3
 Spider Form              Tmut/Pois      0%         N/A       99%         3
 Stone Arrow              Conj/Erth      0%         3d7       99%         3
 Teleport Other           Tloc           0%         N/A       99%         3
 Anguish                  Hex/Necr       0%         N/A       100%        4
 Animate Armour           Summ/Erth      0%         N/A       100%        4
 Summon Hydra             Summ           0%         N/A       100%        7
 Lehudib's Crystal Spear  Conj/Erth      0%         10d2      100%        8


Dungeon Overview and Level Annotations

Branches:
Dungeon (15/15)            Temple (1/1) D:5            Lair (5/5) D:9
 Shoals (4/4) Lair:2        Snake (4/4) Lair:3        Slime (5/5) Lair:4
    Orc (2/2) D:11            Elf (0/3) Orc:2        Vaults (4/5) D:14
  Crypt (0/3) Vaults:3     Depths (4/4) D:15           Hell (visited)
    Zot (5/5) Depths:4      IceCv (visited)         Desolation (visited)
Gauntlet (visited)
    Dis: Hell:1         Geh: Hell:1         Coc: Hell:1         Tar: Hell:1

Altars:
Ashenzari
Cheibriados
Dithmenos
Elyvilon
Fedhas
Gozag
Hepliaklqana
Kikubaaqudgha
Makhleb
Nemelex Xobeh
Okawaru
Qazlal
Ru
Sif Muna
Trog
Uskayaw
Vehumet
Wu Jian
Xom
Yredelemnul
Zin
The Shining One
Jiyva
Lugonu

Shops:
Orc:2 ((**(   Shoals:2 [   Snake:1 :   Vaults:2 (   Vaults:3 *(   Depths:1 :?[!
Depths:2 *   Depths:4 *

Portals:
Hell: Depths:1 Depths:2 Depths:3 Depths:4
Abyss: Depths:1 Depths:3
Pandemonium: Depths:2
Ziggurat: Depths:2

Annotations:
D:6 exclusions: 3 doors and downstairs
Slime:4 exclusion: downstairs
Orc:2 exclusion: 3 training dummies
Depths:2 exclusion: obsidian statue
Depths:3 exclusion: downstairs
Depths:4 exclusion: downstairs
Hell Geryon
Zot:2 3 runed translucent doors, exclusion: 3 doors, Korask's ghost, legendary GrFi
Zot:3 2 transporters, exclusions: downstairs and obsidian statue


Innate Abilities, Weirdness & Mutations

You have a pair of horns on your head.
You reflexively headbutt those who attack you in melee.
Your flesh is cold resistant. (rC+)
Armour fits poorly on your strangely shaped body.
Your body often deteriorates upon taking damage.
You are very dopey. (Int -4)
You are strong-willed. (Will+)
You are robust. (+10% HP)
Your spells are a little harder to cast, but a little more powerful.
You occasionally lose the ability to drink potions when taking damage.


Message History

The Orb Guardian is engulfed in a thunderstorm.
You block the Orb Guardian's attack.
The orb of fire sizzles in the rain.
The orb of fire glows red.
Strange energies course through your body.
You occasionally lose the ability to drink potions when taking damage.
A Killer Klown comes into view. It is wielding a +12 heavy club.
The orb of fire glows red.
The bolt of fire hits you! You resist.
* * * LOW HITPOINT WARNING * * *
The Orb Guardian hits you!!
* * * LOW HITPOINT WARNING * * *
Something touches you but does no damage.
The cacodemon is engulfed in a thunderstorm.
The white draconian looks as sick as possible!
The orb of fire sizzles in the rain.
The purple draconian shifter gestures at you while chanting.
Okay, then.
Blink to where?
Press: ? - help, Dir - move target, p - golden dragon A yellow draconian annihilator, a purple draconian shifter and 2 black draconian knights come into view.
The purple draconian shifter is wielding a +1 long sword of distortion.
A black draconian knight is wielding a +1 halberd of protection.
As you read the scroll of blinking, it crumbles to dust.
The orb of fire's magic is no longer disrupted.
The Killer Klown pies you viciously!
You block klown pie... and reflect it back!
The klown pie hits the Killer Klown!!
Cherry!
The Killer Klown looks more vulnerable to fire.
The Killer Klown looks as sick as possible!
The Killer Klown pies you viciously!
The klown pie hits you but does no damage.
The purple draconian shifter casts a spell at you.
You easily resist.
The yellow draconian annihilator gestures wildly while chanting.
The yellow draconian annihilator blinks!
The black draconian knight breathes lightning at you.
The bolt of lightning hits you. You resist.
* * * LOW HITPOINT WARNING * * *
The black draconian knight breathes lightning at you.
The bolt of lightning hits you! You resist.
You die...

^^.##....## ##§Xzf##.X...
###..q###########{z*###......
##.q.q°○q.p..q§*2###^.....^
##§......§§.§yd## #.......
#........☼Ddd2# #..(....
##.....q.°.qd## #.......
#......°○.pd# #.......
##.........○.## #.......
#....p..@°○...# #.............##
#.....^.....^...#
###▓▓▓▓########.########▓▓▓▓#####
).......####.##.# ##.#.##.......#
##......##......# #.?..#.........
#........#....######...'.........
#...##.⌠.#...###...###.#.........
##...#........##....#..##.......#


You could see 2 orbs of fire, 3 Killer Klowns, 2 draconians, a golden dragon, 2
draconians, a purple draconian (summoned, extremely poisoned), a red draconian
(summoned, berserk), a white draconian (summoned, extremely poisoned), a curse
toe (summoned), a cacodemon (summoned), 2 draconians, 2 draconians, a red
draconian scorcher (summoned, extremely poisoned), a shadow demon (summoned) and
a moth of wrath (very poisoned).

Vanquished Creatures
  the Royal Jelly (Slime:5)
  2 dread liches
  3 ancient liches
  4 orbs of fire
  2 juggernauts
  Vv (Zot:2)
  A shard shrike (Zot:2)
  3 Killer Klowns
  A caustic shrike (Depths:3)
  3 curse toes
  Nikola (Shoals:4)
  2 golden dragons
  A bone dragon (Depths:4)
  Jory (Depths:3)
  3 electric golems (Zot:1)
  19 tentacled monstrosities
  A walking crystal tome (Depths:3)
  11 Orb Guardians (Zot:5)
  A walking frostbound tome (Depths:2)
  Mlioglotl (Shoals:4)
  4 quicksilver dragons
  3 liches
  Gastronok (Lair:3)
  22 acid blobs
  Polyphemus (Shoals:3)
  5 sphinxes
  14 death cobs
  An eldritch tentacle (Zot:5)
  15 shadow dragons
  3 tengu reavers
  9 storm dragons
  Ilsuiw (Shoals:3)
  18 azure jellies
  4 draconian knights
  5 frost giants
  5 fire giants
  An iron dragon (Depths:1)
  17 rockslimes
  4 nagarajas
  9 draconian monks
  3 imperial myrmidons (Desolation)
  2 balrugs
  10 vault wardens
  A draconian scorcher (Zot:3)
  A ghost moth (Zot:2)
  Aizul (Snake:4)
  5 draconian shifters
  10 ironbound preservers
  3 orc warlords
  A reaper (Gauntlet)
  7 draconian annihilators
  A juggernaut skeleton (Depths:3)
  6 draconian stormcallers
  9 stone giants
  9 quicksilver oozes
  2 war gargoyles
  22 very ugly things
  6 ironbound thunderhulks
  10 green draconians
  A minotaur (Gauntlet)
  The ghost of matti1234 the Unseen, a journeyman KoEn of Dithmenos (Orc:1)
  15 spark wasps
  18 white draconians
  5 dire elephants
  The ghost of Quickbrownfox the Skirmisher, a journeyman DsCj of Gozag (Lair:1)
  A halazid warlock (Desolation)
  9 purple draconians
  12 yellow draconians
  20 red draconians
  18 black draconians
  2 crystal guardians (Desolation)
  6 ettins
  2 jiangshi (Depths:1)
  2 green deaths (Depths:2)
  10 fire dragons
  4 servants of whispers (Desolation)
  7 yaktaur captains
  An entropy weaver (Vaults:1)
  Fannar (D:10)
  10 merfolk impalers
  A merfolk javelineer (Shoals:4)
  11 great orbs of eyes
  Josephine (Lair:3)
  3 rakshasas
  7 ragged hierophants (Desolation)
  A deep elf high priest (Depths:4)
  7 vault guards
  7 ice dragons
  The ghost of ruby the Destroyer, a journeyman DECj of Vehumet (Lair:1)
  2 hell beasts (Depths:2)
  An ogre mage (D:15)
  5 salamander tyrants
  7 boulder beetles
  2 peacekeepers (Desolation)
  5 hydras
  9 two-headed ogres
  13 anacondas
  6 spriggan air magi
  6 catoblepae
  11 ironbound frosthearts
  4 centaur warriors
  3 death knights
  A satyr (Shoals:2)
  3 alligator snapping turtles
  4 deep troll shamans
  6 tengu warriors
  14 deep troll earth magi
  4 merfolk aquamancers
  6 spriggan berserkers
  2 hell hogs (Hell)
  3 vampire magi
  14 naga warriors
  21 death yaks
  A hell knight (Depths:4)
  Urug (Lair:1)
  5 orc high priests (Orc:2)
  3 soul eaters
  7 naga sharpshooters
  5 shock serpents
  Nergalle (Lair:1)
  5 skysharks
  A deep elf knight (D:14)
  A storm dragon zombie (Depths:3)
  Sonja (Lair:4)
  2 skeletal warriors (D:15)
  2 sixfirhies (Depths:2)
  7 iron trolls
  14 sea snakes
  30 deep trolls
  Lodul (D:13)
  5 salamander mystics (Snake:4)
  2 flayed ghosts
  A deep troll (shapeshifter) (D:14)
  3 glowing orange brains
  A kraken simulacrum (Shoals:4)
  5 naga ritualists
  3 necromancers
  8 wizards
  17 lindwurms
  5 orc knights
  A phantasmal warrior (Vaults:4)
  9 harpies
  A wolf spider (D:15)
  3 deep elf pyromancers
  21 ironbound convokers
  A shining eye (shapeshifter) (Depths:1)
  An orc sorcerer (Orc:2)
  11 mana vipers
  A salamander (shapeshifter) (D:14)
  21 salamanders
  8 cyclopes
  29 manticores
  3 shining eyes
  9 fauns (Shoals:1)
  8 merfolk sirens
  31 ugly things
  16 vault sentinels
  A moth of wrath (shapeshifter) (Depths:2)
  6 guardian serpents
  24 black mambas
  6 elephants (Lair:3)
  14 moths of wrath
  A black mamba (shapeshifter) (D:15)
  17 naga magi
  A molten gargoyle (Desolation)
  2 orange demons (Depths:2)
  A torpor snail (Lair:5)
  Joseph (D:8)
  2 ice statues (IceCv)
  17 cane toads
  2 gargoyles
  9 water nymphs
  2 eyes of devastation
  5 rime drakes
  2 unseen horrors
  An efreet (D:15)
  A minotaur zombie (Gauntlet)
  A hellion (Depths:2)
  11 komodo dragons
  21 yaktaurs
  4 tengu conjurers (Depths:2)
  A komodo dragon (shapeshifter) (D:14)
  A kobold demonologist (D:13)
  2 merfolk (shapeshifter)
  An ice devil (Depths:2)
  26 merfolk
  3 meliai (D:15)
  A hellwing (Gauntlet)
  3 polar bears
  5 trolls
  9 wind drakes
  2 hornets (shapeshifter)
  Prince Ribbit (D:6)
  A snapping turtle (shapeshifter) (D:14)
  A tarantella (shapeshifter) (Depths:4)
  9 dream sheep
  48 saltlings (Desolation)
  13 blink frogs
  9 snapping turtles
  A culicivora (shapeshifter) (Vaults:1)
  2 centaur simulacra (Gauntlet)
  A jumping spider (Vaults:1)
  176 slime creatures
  A ynoxinul (Depths:2)
  A shadow (D:10)
  15 water elementals
  8 wraiths
  68 yaks
  2 large abominations (Gauntlet)
  2 wyverns
  A steam dragon (Lair:2)
  11 humans (D:14)
  Grum (Lair:1)
  3 basilisks
  13 golden eyes
  4 vampire mosquitoes
  A redback (Vaults:1)
  3 small abominations (Gauntlet)
  38 nagas
  A neqoxec (Depths:2)
  7 wargs
  3 acid dragons
  15 water moccasins
  A glowing shapeshifter zombie (Depths:3)
  3 floating eyes
  2 ice beasts (D:7)
  30 orc warriors
  Duvessa (D:7)
  2 great orb of eyes simulacra (IceCv)
  A black bear (Lair:1)
  A sky beast (D:8)
  13 centaurs
  13 ogres
  17 wolves
  2 slime creature simulacra (IceCv)
  A kobold brigand (D:8)
  8 bullfrogs
  6 earth elementals (Depths:1)
  8 glowing shapeshifter simulacra (IceCv)
  A cane toad simulacrum (Gauntlet)
  9 wights
  Dowan (D:7)
  8 killer bees
  5 howler monkeys
  2 jellies
  44 orc priests
  Crazy Yiuf (D:4)
  3 hounds
  A sleepcap (D:5)
  Ijyb (D:4)
  4 iguanas
  34 orc wizards
  3 shapeshifter simulacra (IceCv)
  A boggart simulacrum (D:15)
  Robin (D:3)
  4 gnolls (D:8)
  7 adders
  A shadow imp (Gauntlet)
  An ufetubus (D:5)
  A worm (D:2)
  3 dart slugs
  71 orcs
  10 ball pythons
  6 endoplasms
  3 giant cockroaches
  9 hobgoblins
  2 jackals (D:4)
  10 kobolds
  5 quokkas
  A bat (shapeshifter) (D:15)
  3 bats (D:1)
  2 frilled lizards (D:1)
  12 goblins
  4 rats
2010 creatures vanquished.

Vanquished Creatures (collateral kills)
  An imperial myrmidon (Desolation)
  A cacodemon (Hell)
  A ragged hierophant (Desolation)
  A servant of whispers (Desolation)
  A naga sharpshooter (Snake:1)
  A naga ritualist (Snake:1)
  A salamander (Snake:1)
  A guardian serpent (Desolation)
  An orange demon (Hell)
  An ice devil (Hell)
  2 saltlings (Desolation)
  A yak (Lair:3)
13 creatures vanquished.

Vanquished Creatures (others)
  A draconian knight (Zot:2)
  A draconian scorcher (Zot:2)
  A draconian shifter (Zot:3)
  A merfolk aquamancer (Shoals:4)
  A manticore (Shoals:4)
  A water elemental (Depths:3)
  A goblin (D:3)
  3 tentacles (Shoals:4)
10 creatures vanquished.

Grand Total: 2033 creatures vanquished

Notes
Turn   | Place    | Note
-------+----------+-------------------------------------------
     0 | D:1      | Electrofox the Minotaur Fighter began the quest for the
                  | Orb.
     0 | D:1      | Reached XP level 1. HP: 19/19 MP: 0/0
    66 | D:1      | Reached XP level 2. HP: 26/26 MP: 1/1
   535 | D:1      | Reached XP level 3. HP: 31/31 MP: 2/2
  1299 | D:2      | Found a faded altar of an unknown god.
  1376 | D:2      | Reached skill level 5 in Axes
  1710 | D:3      | Noticed Robin
  1799 | D:3      | Reached XP level 4. HP: 39/39 MP: 3/3
  1904 | D:3      | Identified the +7 quarterstaff "Eviscerator" {venom, Dex+3}
  2170 | D:3      | Killed Robin
  2669 | D:4      | Noticed Ijyb
  2676 | D:4      | Killed Ijyb
  2677 | D:4      | Reached XP level 5. HP: 22/45 MP: 4/4
  2876 | D:4      | Found a hide-covered altar of Uskayaw.
  3198 | D:4      | Found a bloodstained altar of Trog.
  3384 | D:4      | Found a runed translucent door.
  3385 | D:4      | Noticed Crazy Yiuf
  3779 | D:4      | Found a hazy altar of Hepliaklqana.
  3811 | D:5      | Entered Level 5 of the Dungeon
  3816 | D:5      | Found a stormy altar of Qazlal.
  3953 | D:5      | Noticed an ogre
  4050 | D:5      | Reached XP level 6. HP: 51/51 MP: 5/5
  4082 | D:5      | Found an ornate altar of the Wu Jian Council.
  4237 | D:5      | Found a white marble altar of Elyvilon.
  4584 | D:5      | Found a staircase to the Ecumenical Temple.
  4604 | Temple   | Entered the Ecumenical Temple
  4860 | D:4      | Became a worshipper of Trog the Wrathful
  5012 | D:5      | Reached XP level 7. HP: 42/57 MP: 6/6
  5341 | D:6      | Noticed Prince Ribbit
  5351 | D:6      | Killed Prince Ribbit
  5352 | D:6      | Reached skill level 10 in Axes
  5471 | D:6      | Found a radiant altar of Vehumet.
  5472 | D:6      | Noticed a steam dragon
  5656 | D:6      | Found an opulent altar of Gozag.
  6417 | D:4      | Killed Crazy Yiuf
  6540 | D:6      | Found a burning altar of Makhleb.
  6568 | D:7      | Noticed Dowan
  6573 | D:7      | Noticed Duvessa
  6737 | D:7      | Reached * piety under Trog
  6738 | D:7      | Reached XP level 8. HP: 54/64 MP: 7/7
  6792 | D:7      | Found a sparkling altar of Nemelex Xobeh.
  6922 | D:7      | Found an iron altar of Okawaru.
  6938 | D:7      | Identified the +1 leather armour of Hoty {rC+ rN+ Slay-5}
  7961 | D:7      | Killed Duvessa
  7962 | D:7      | Killed Dowan
  8223 | D:8      | Reached ** piety under Trog
  8405 | D:8      | Found a broken altar of Ashenzari.
  8409 | D:8      | Noticed a two-headed ogre
  8810 | D:8      | Noticed Joseph
  8830 | D:8      | Killed Joseph
  8831 | D:8      | Reached XP level 9. HP: 36/71 MP: 8/8
  8932 | D:8      | Killed a two-headed ogre
  8933 | D:8      | Reached skill level 5 in Fighting
  8933 | D:8      | Reached skill level 5 in Shields
  9403 | D:9      | Found a glowing golden altar of the Shining One.
  9582 | D:9      | Found a shadowy altar of Dithmenos.
  9625 | D:9      | Reached skill level 15 in Axes
  9670 | D:9      | Found a sacrificial altar of Ru.
 10052 | D:9      | Found a staircase to the Lair.
 10075 | D:9      | Reached XP level 10. HP: 78/83 MP: 9/9
 10089 | D:9      | Noticed a death yak
 10089 | D:9      | Noticed a death yak
 10089 | D:9      | Noticed a death yak
 10396 | D:10     | Entered Level 10 of the Dungeon
 10396 | D:10     | Noticed a two-headed ogre
 10679 | D:10     | Reached *** piety under Trog
 10884 | D:10     | Reached skill level 1 in Maces & Flails
 10981 | D:10     | Killed a two-headed ogre
 11112 | D:10     | Noticed Fannar
 11133 | D:10     | Killed Fannar
 11203 | D:10     | Found a glowing silver altar of Zin.
 11431 | D:10     | Reached skill level 5 in Armour
 11434 | D:10     | Reached skill level 5 in Maces & Flails
 11721 | D:11     | Reached XP level 11. HP: 95/95 MP: 10/10
 11850 | D:11     | Noticed a two-headed ogre
 11861 | D:11     | Killed a two-headed ogre
 12128 | D:11     | Found a staircase to the Orcish Mines.
 12382 | D:11     | Noticed a two-headed ogre
 12392 | D:11     | Killed a two-headed ogre
 12876 | D:12     | Noticed a cyan ugly thing
 13121 | D:12     | Noticed a deep elf pyromancer
 13143 | D:12     | Killed a deep elf pyromancer
 13144 | D:12     | Reached skill level 10 in Fighting
 13310 | D:12     | Reached **** piety under Trog
 13316 | D:12     | Killed a cyan ugly thing
 13691 | D:13     | Noticed Lodul
 13692 | D:13     | Noticed a centaur warrior
 13939 | D:9      | Noticed a death yak
 13940 | D:9      | Noticed a death yak
 13945 | D:9      | Noticed a death yak
 13948 | D:9      | Killed a death yak
 13952 | D:9      | Killed a death yak
 13953 | D:9      | Reached XP level 12. HP: 108/108 MP: 11/11
 13960 | D:9      | Killed a death yak
 13960 | D:9      | Noticed a death yak
 13969 | D:9      | Killed a death yak
 13973 | D:9      | Killed a death yak
 13974 | D:9      | Reached skill level 10 in Maces & Flails
 14217 | D:9      | Killed a death yak
 14223 | D:9      | Killed a death yak
 14381 | Lair:1   | Entered Level 1 of the Lair of Beasts
 14381 | Lair:1   | Found a runed translucent gate.
 14381 | Lair:1   | Found a runed translucent gate.
 14381 | Lair:1   | Found a runed translucent gate.
 14394 | Lair:1   | Reached skill level 10 in Armour
 14591 | Lair:1   | Noticed Quickbrownfox's ghost (journeyman DsCj)
 14591 | Lair:1   | Noticed ruby's ghost (journeyman DECj)
 14595 | Lair:1   | Noticed Urug
 14609 | Lair:1   | Killed Urug
 14614 | Lair:1   | Noticed Nergalle
 14633 | Lair:1   | Killed Nergalle
 15466 | Lair:1   | Noticed Grum
 15477 | Lair:1   | Killed Grum
 16603 | Lair:2   | Noticed a seven-headed hydra
 16619 | Lair:2   | Killed a seven-headed hydra
 16785 | Lair:2   | Reached XP level 13. HP: 110/119 MP: 12/12
 17066 | Lair:2   | Found a staircase to the Shoals.
 17221 | Lair:3   | Reached ***** piety under Trog
 17390 | Lair:3   | Noticed Gastronok
 17590 | Lair:3   | Found a frozen archway.
 17596 | Lair:3   | Noticed Josephine
 17603 | Lair:3   | Killed Josephine
 17652 | IceCv    | Entered an ice cave
 18227 | IceCv    | Found a viscous altar of Jiyva.
 18227 | IceCv    | Noticed an azure jelly
 18239 | IceCv    | Killed an azure jelly
 18246 | IceCv    | Noticed a quicksilver ooze
 18254 | IceCv    | Killed a quicksilver ooze
 18362 | IceCv    | Identified the ring "Rushrant" {rElec EV+5 Int-2 Dex+5}
 18561 | Lair:3   | Found a staircase to the Snake Pit.
 18792 | Lair:3   | Reached skill level 15 in Fighting
 18831 | Lair:3   | Received a gift from Trog
 19199 | Lair:3   | Reached XP level 14. HP: 135/135 MP: 13/13
 19649 | Lair:3   | Killed Gastronok
 20068 | Lair:4   | Reached skill level 15 in Armour
 20431 | Lair:4   | Found a runed translucent door.
 20432 | Lair:4   | Found a staircase to the Slime Pits.
 20432 | Lair:4   | Noticed an azure jelly
 20432 | Lair:4   | Noticed an azure jelly
 20432 | Lair:4   | Noticed an azure jelly
 20551 | Lair:5   | Entered Level 5 of the Lair of Beasts
 20551 | Lair:5   | Noticed Sonja
 20804 | Lair:4   | Killed Sonja
 21310 | Lair:5   | Received a gift from Trog
 22842 | Snake:1  | Entered Level 1 of the Snake Pit
 22958 | Snake:1  | Reached XP level 15. HP: 67/147 MP: 1/14
 23894 | Snake:1  | Found Dic Wuav's Book Emporium.
 24851 | Snake:2  | Received a gift from Trog
 25063 | Snake:2  | Reached skill level 10 in Shields
 25379 | Snake:2  | Noticed a nagaraja
 25386 | Snake:2  | Killed a nagaraja
 26735 | Snake:3  | Noticed a nagaraja
 26752 | Snake:3  | Killed a nagaraja
 27131 | Snake:3  | Identified the ring "Noril" {Str+4 Dex+6}
 28849 | Snake:3  | Identified the +8 short sword of the Orcish Mines {drain,
                  | rF+ Int+2}
 29246 | Shoals:1 | Entered Level 1 of the Shoals
 29254 | Shoals:1 | Reached XP level 16. HP: 160/160 MP: 15/15
 30277 | Shoals:1 | Received a gift from Trog
 30488 | Shoals:2 | Found Quin's Antique Armour Boutique.
 30727 | Shoals:2 | Bought a pair of glowing gloves for 180 gold pieces
 30727 | Shoals:2 | Bought a fine chain mail for 228 gold pieces
 30727 | Shoals:2 | Identified the +14 chain mail "Himerap" {rN++ rCorr Dex-2}
                  | (You bought it in a shop on level 2 of the Shoals)
 30908 | Shoals:2 | Reached skill level 1 in Throwing
 31527 | Shoals:3 | Noticed Polyphemus
 31864 | Shoals:3 | Noticed Ilsuiw
 31929 | Shoals:3 | Killed Ilsuiw
 32391 | Shoals:3 | Killed Polyphemus
 32424 | Shoals:3 | Reached skill level 5 in Throwing
 32632 | Shoals:2 | Bought a pair of embroidered boots for 180 gold pieces
 32672 | Shoals:4 | Entered Level 4 of the Shoals
 32819 | Shoals:4 | Reached ****** piety under Trog
 32920 | Shoals:4 | Received a gift from Trog
 33316 | Shoals:4 | Reached XP level 17. HP: 170/170 MP: 16/16
 33331 | Shoals:4 | Noticed Mlioglotl
 33385 | Shoals:4 | Killed Mlioglotl
 33473 | Shoals:4 | Got a barnacled rune of Zot
 33756 | Shoals:4 | Noticed Nikola
 33842 | Shoals:4 | Identified the amulet of the Ageless Eyes {RegenMP rF+
                  | Stlth+}
 34096 | Shoals:4 | Killed Nikola
 34334 | Shoals:4 | Identified the +10 plate armour of Paatweco {*Slow rF+ rN+}
 34628 | Snake:4  | Entered Level 4 of the Snake Pit
 34628 | Snake:4  | Noticed Aizul
 34642 | Snake:4  | Killed Aizul
 37259 | Snake:4  | Received a gift from Trog
 37924 | Snake:4  | Got a serpentine rune of Zot
 38594 | Slime:1  | Entered Level 1 of the Pits of Slime
 38597 | Slime:1  | Noticed an acid blob
 38628 | Slime:1  | Killed an acid blob
 38888 | Slime:1  | Noticed an acid blob
 38895 | Slime:1  | Killed an acid blob
 39284 | Slime:1  | Reached XP level 18. HP: 180/180 MP: 17/17
 39306 | Slime:1  | Reached skill level 10 in Throwing
 40159 | Slime:3  | Reached skill level 15 in Shields
 40525 | Slime:2  | Received a gift from Trog
 41705 | D:13     | Killed Lodul
 42510 | D:14     | Identified the +0 chain mail of Fallacy {Regen+ Str+2}
 42641 | D:14     | Received a gift from Trog
 43088 | D:14     | Found a runed translucent door.
 43322 | D:14     | Found a gate to the Vaults.
 44191 | D:15     | Entered Level 15 of the Dungeon
 45312 | D:15     | Found a staircase to the Depths.
 45488 | Depths:1 | Entered Level 1 of the Depths
 45676 | Depths:1 | Found a corrupted altar of Lugonu.
 45676 | Depths:1 | Found a one-way gate to the infinite horrors of the Abyss.
 45726 | Depths:1 | Found Moujix's Book Shoppe.
 45801 | Depths:1 | Found Joom Wao's Magic Scroll Shoppe.
 45961 | Depths:1 | Found a gateway to Hell.
 45963 | Depths:1 | Found a flickering gateway to a bazaar.
 46116 | Depths:1 | Reached XP level 19. HP: 191/191 MP: 18/18
 46159 | Bazaar   | Entered a bazaar
 46159 | Bazaar   | Found Zaw Bane's General Store.
 46171 | Bazaar   | Found Renie's Antique Armour Shop.
 46197 | Bazaar   | Found Binnauk's Antique Weapon Shop.
 46205 | Bazaar   | Bought a runed longbow for 256 gold pieces
 46205 | Bazaar   | Bought a transparent morningstar for 243 gold pieces
 46205 | Bazaar   | Identified the +6 morningstar of the Lusting Gods {elec,
                  | rPois rF+ Str+3} (You bought it in a shop in a bazaar)
 46234 | Bazaar   | Bought an embroidered cloak for 165 gold pieces
 46349 | Depths:1 | Found Yfeut's Distillery.
 46436 | Depths:1 | Found Ipheong's Armour Boutique.
 46798 | Depths:1 | Identified the +8 longbow of Irchoj {elec, Will++ Str-5
                  | Int+4 SInv}
 47041 | Depths:2 | Received a gift from Trog
 47200 | Depths:2 | You are sucked into a shaft and drop 2 floors!
 47200 | Depths:4 | Entered Level 4 of the Depths
 48379 | Depths:3 | Identified the +4 hand axe "Ytueruri" {holy, Fragile rElec
                  | rF+++ Dex-4}
 48747 | Depths:3 | Noticed Jory
 48766 | Depths:3 | Killed Jory
 48849 | Depths:3 | Noticed a caustic shrike
 48866 | Depths:3 | Killed a caustic shrike
 48866 | Depths:3 | Received a gift from Trog
 49046 | Depths:3 | Noticed a juggernaut
 49064 | Depths:3 | Killed a juggernaut
 49263 | Depths:2 | Found Xeyskon's Assorted Antiques.
 49429 | Depths:2 | Found a one-way gateway to a ziggurat.
 49436 | Depths:2 | Gained mutation: You are occasionally teleported next to
                  | monsters. [a shining eye]
 49441 | Depths:2 | Lost mutation: You are occasionally teleported next to
                  | monsters. [potion of mutation]
 49441 | Depths:2 | Gained mutation: Your mind is acute. (Int +4, Str/Dex -1)
                  | [potion of mutation]
 49441 | Depths:2 | Gained mutation: You are partially covered in iridescent
                  | scales. (AC +2) [potion of mutation]
 49441 | Depths:2 | Gained mutation: Your mind is very acute. (Int +8, Str/Dex
                  | -2) [potion of mutation]
 49441 | Depths:2 | Gained mutation: Your flesh is cold resistant. (rC+)
                  | [potion of mutation]
 50236 | Depths:2 | Noticed a juggernaut
 50272 | Depths:2 | Killed a juggernaut
 50276 | Depths:2 | Reached XP level 20. HP: 70/202 MP: 19/19
 50642 | Depths:2 | Received a gift from Trog
 51113 | Depths:2 | Found a one-way gate leading to the halls of Pandemonium.
 51510 | Depths:2 | Gained mutation: Your magical capacity is low. (-10% MP) [a
                  | neqoxec]
 51515 | Depths:2 | Gained mutation: You occasionally lose the ability to drink
                  | potions when taking damage. [a neqoxec]
 52464 | Depths:3 | Lost mutation: You occasionally lose the ability to drink
                  | potions when taking damage. [potion of mutation]
 52464 | Depths:3 | Lost mutation: Your flesh is cold resistant. (rC+) [potion
                  | of mutation]
 52464 | Depths:3 | Lost mutation: Your mind is very acute. (Int +8, Str/Dex
                  | -2) [potion of mutation]
 52464 | Depths:3 | Gained mutation: You occasionally lose the ability to drink
                  | potions when taking damage. [potion of mutation]
 52465 | Depths:3 | Lost mutation: Your mind is acute. (Int +4, Str/Dex -1)
                  | [potion of mutation]
 52465 | Depths:3 | Lost mutation: Your magical capacity is low. (-10% MP)
                  | [potion of mutation]
 52465 | Depths:3 | Lost mutation: You are partially covered in iridescent
                  | scales. (AC +2) [potion of mutation]
 52465 | Depths:3 | Gained mutation: You are occasionally teleported next to
                  | monsters. [potion of mutation]
 52465 | Depths:3 | Gained mutation: Your spells are a little easier to cast,
                  | but a little less powerful. [potion of mutation]
 52465 | Depths:3 | Gained mutation: You are partially covered in iridescent
                  | scales. (AC +2) [potion of mutation]
 52466 | Depths:3 | Lost mutation: Your spells are a little easier to cast, but
                  | a little less powerful. [potion of mutation]
 52466 | Depths:3 | Lost mutation: You are occasionally teleported next to
                  | monsters. [potion of mutation]
 52466 | Depths:3 | Lost mutation: You are partially covered in iridescent
                  | scales. (AC +2) [potion of mutation]
 52466 | Depths:3 | Gained mutation: You are robust. (+10% HP) [potion of
                  | mutation]
 52466 | Depths:3 | Gained mutation: You are strong-willed. (Will+) [potion of
                  | mutation]
 52466 | Depths:3 | Gained mutation: You possess an exceptional clarity of
                  | mind. [potion of mutation]
 52832 | Lair:1   | Killed Quickbrownfox's ghost
 52839 | Lair:1   | Killed ruby's ghost
 52839 | Lair:1   | Received a gift from Trog
 53386 | Slime:5  | Entered Level 5 of the Pits of Slime
 53460 | Slime:5  | Noticed the Royal Jelly
 53947 | Slime:5  | Gained mutation: Your magical capacity is low. (-10% MP) [a
                  | shining eye]
 54124 | Slime:4  | HP: 10/226 [rockslime[the Royal Jelly] (4)]
 54167 | Slime:5  | HP: 10/226 [acid blob/splash of acid (8)]
 54659 | Slime:4  | Received a gift from Trog
 54882 | Slime:5  | Found a viscous altar of Jiyva.
 55204 | Vaults:1 | Entered Level 1 of the Vaults
 55453 | Vaults:1 | Reached XP level 21. HP: 204/236 MP: 17/17
 55877 | Vaults:1 | Received a gift from Trog
 56749 | Vaults:2 | Found a crumbling gateway.
 56771 | Desolati | Entered the Desolation of Salt
 57155 | Desolati | Received a gift from Trog
 57168 | Desolati | Identified the ring "Tastudgh" {Ice rElec Will+}
 57176 | Desolati | Identified the ring of Telidy {rElec rPois rC+ rN+}
 57387 | Desolati | Found the +8 demon trident "Rift" {distort, reach+}
 57392 | Desolati | Identified the +6 halberd "Jacypluqe" {flame, Fly Int+3
                  | Dex-5 SInv}
 57402 | Desolati | Identified the +0 helmet of the Catfish {rElec rCorr Int+3}
 57603 | Desolati | Identified the staff of fire "Jacrof" {rF+ rC+ rN++ rCorr}
 57627 | Desolati | Identified the +4 war axe of Ointment {elec, rElec rCorr
                  | Str+2}
 58450 | Vaults:2 | Identified the +3 scale mail "Zioniuv" {rPois}
 58619 | Vaults:2 | Found Qizisu's Weapon Shoppe.
 58652 | Vaults:2 | Received a gift from Trog
 59891 | Vaults:3 | Found Exiadil's Weapon Emporium.
 59954 | Vaults:3 | Received a gift from Trog
 60458 | Vaults:3 | Reached XP level 22. HP: 250/250 MP: 18/18
 60481 | Vaults:3 | Found a staircase to the Crypt.
 60503 | Vaults:3 | Found Suyvola's General Store.
 60822 | Vaults:4 | Received a gift from Trog
 63801 | Slime:5  | Killed the Royal Jelly
 63935 | Slime:5  | Got a slimy rune of Zot
 64015 | Slime:5  | Identified the +0 leather armour of the Distant Future
                  | {rF+}
 64507 | Depths:2 | Bought 2 potions of might for 336 gold pieces
 64507 | Depths:2 | Bought a scroll of teleportation for 126 gold pieces
 64546 | Hell     | Entered the Vestibule of Hell
 64546 | Hell     | Noticed Geryon
 64781 | Depths:1 | Bought a potion of invisibility for 80 gold pieces
 64781 | Depths:1 | Bought a potion of heal wounds for 50 gold pieces
 64781 | Depths:1 | Bought a potion of haste for 100 gold pieces
 64861 | Depths:4 | Received a gift from Trog
 65663 | Depths:4 | Found Yciughu's CLEARANCE SALE!.
 65913 | Depths:4 | Found a gate to the Realm of Zot.
 66453 | Orc:1    | Entered Level 1 of the Orcish Mines
 66539 | Orc:1    | Found a runed translucent door.
 66539 | Orc:1    | Noticed matti1234's ghost (journeyman KoEn)
 66547 | Orc:1    | Killed matti1234's ghost
 66547 | Orc:1    | Received a gift from Trog
 66788 | Orc:2    | Entered Level 2 of the Orcish Mines
 66821 | Orc:2    | Found Halo's Assorted Antiques.
 66821 | Orc:2    | Found Sodonazi's Weapon Boutique.
 66821 | Orc:2    | Found Nosovuch's General Store.
 66948 | Orc:2    | Found Ofux's Weapon Shop.
 67050 | Orc:2    | Found a staircase to the Elven Halls.
 67129 | Orc:2    | Found a gate leading to a gauntlet.
 67157 | Gauntlet | Entered a Gauntlet
 67157 | Gauntlet | Found a transporter.
 67157 | Gauntlet | Found a transporter.
 67160 | Gauntlet | Found a transporter.
 67163 | Gauntlet | Found a transporter.
 67164 | Gauntlet | Found a transporter.
 67184 | Gauntlet | Found a runed translucent door.
 67203 | Gauntlet | Found a transporter.
 67206 | Gauntlet | Found a transporter.
 67206 | Gauntlet | Found a transporter.
 67227 | Gauntlet | Found a transporter.
 67237 | Gauntlet | Found a transporter.
 67247 | Gauntlet | Found a transporter.
 67262 | Gauntlet | Found a transporter.
 67282 | Gauntlet | Found a transporter.
 67295 | Gauntlet | Found a transporter.
 67476 | Gauntlet | Identified the +2 pair of gloves of Bafrassag {rF+++ Dex-5
                  | Slay+4}
 67480 | Gauntlet | Identified the staff of fire "Plog" {rElec rPois rF+ rN+}
 67588 | Gauntlet | Identified the ring of Utzeunt {+Blink rPois Will- rCorr
                  | Str+6}
 67588 | Gauntlet | Identified the ring of Zoolocw {MP+9 Stlth+}
 67709 | Orc:2    | Found Noynux's Firing Range.
 67713 | Orc:2    | Bought a throwing net for 39 gold pieces
 67713 | Orc:2    | Bought a throwing net for 39 gold pieces
 67927 | Orc:2    | Bought a tiny platinum amulet for 110 gold pieces
 67929 | Orc:2    | Bought a scroll of teleportation for 39 gold pieces
 67929 | Orc:2    | Bought a scroll of blinking for 97 gold pieces
 67929 | Orc:2    | Bought a scroll of magic mapping for 97 gold pieces
 67929 | Orc:2    | Bought 4 curare-tipped darts for 62 gold pieces
 68377 | Orc:2    | Bought a potion of experience for 650 gold pieces
 68378 | Orc:2    | Reached skill level 27 in Fighting
 68378 | Orc:2    | Reached XP level 23. HP: 264/264 MP: 19/19
 68487 | Orc:1    | Received a gift from Trog
 68889 | Zot:1    | Entered Level 1 of the Realm of Zot
 68942 | Zot:1    | Reached skill level 1 in Evocations
 69255 | Zot:1    | Found a huge runed gate.
 69255 | Zot:1    | Found a huge runed gate.
 69255 | Zot:1    | Found a huge runed gate.
 69255 | Zot:1    | Found a huge runed gate.
 69255 | Zot:1    | Found a huge runed gate.
 69257 | Zot:1    | Found a huge runed gate.
 69257 | Zot:1    | Found a huge runed gate.
 69257 | Zot:1    | Found a huge runed gate.
 69258 | Zot:1    | Found a huge runed gate.
 69260 | Zot:1    | Found a huge runed gate.
 69260 | Zot:1    | Found a huge runed gate.
 69260 | Zot:1    | Found a huge runed gate.
 69260 | Zot:1    | Found a huge runed gate.
 69260 | Zot:1    | Found a huge runed gate.
 69261 | Zot:1    | Found a huge runed gate.
 69262 | Zot:1    | Found a huge runed gate.
 69263 | Zot:1    | Found a huge runed gate.
 69264 | Zot:1    | Found a huge runed gate.
 69272 | Zot:1    | Found a huge runed gate.
 69272 | Zot:1    | Found a huge runed gate.
 69272 | Zot:1    | Found a huge runed gate.
 69272 | Zot:1    | Found a huge runed gate.
 69272 | Zot:1    | Found a huge runed gate.
 69273 | Zot:1    | Found a huge runed gate.
 69274 | Zot:1    | Found a huge runed gate.
 69275 | Zot:1    | Found a huge runed gate.
 69276 | Zot:1    | Found a huge runed gate.
 69293 | Zot:1    | Found a huge runed gate.
 69293 | Zot:1    | Found a huge runed gate.
 69293 | Zot:1    | Found a huge runed gate.
 69293 | Zot:1    | Found a huge runed gate.
 69293 | Zot:1    | Found a huge runed gate.
 69301 | Zot:1    | Found a huge runed gate.
 69302 | Zot:1    | Found a huge runed gate.
 69303 | Zot:1    | Found a huge runed gate.
 69304 | Zot:1    | Found a huge runed gate.
 70213 | Zot:1    | Reached XP level 24. HP: 252/273 MP: 19/19
 70527 | Zot:1    | Reached skill level 15 in Throwing
 71006 | Zot:1    | Noticed an orb of fire
 71006 | Zot:1    | Noticed a Killer Klown
 71006 | Zot:1    | Noticed an orb of fire
 71006 | Zot:1    | Noticed an ancient lich
 71006 | Zot:1    | Noticed an ancient lich
 71032 | Zot:1    | Killed an orb of fire
 71033 | Zot:1    | Reached skill level 27 in Armour
 71033 | Zot:1    | Gained mutation: You occasionally lose the ability to read
                  | scrolls when taking damage. [an orb of fire]
 71035 | Zot:1    | Killed an orb of fire
 71045 | Zot:1    | Killed an ancient lich
 71052 | Zot:1    | Killed a Killer Klown
 71178 | Zot:1    | Killed an ancient lich
 71183 | Zot:1    | Reached skill level 5 in Evocations
 71498 | Zot:2    | Noticed a shard shrike
 71500 | Zot:1    | Noticed a dread lich
 71519 | Zot:1    | Killed a dread lich
 72214 | Zot:2    | Killed a shard shrike
 72327 | Zot:2    | Found a runed translucent gate.
 72327 | Zot:2    | Found a runed translucent gate.
 72327 | Zot:2    | Noticed Korask's ghost (legendary GrFi)
 72330 | Zot:2    | Found a runed translucent gate.
 72387 | Zot:2    | Received a gift from Trog
 72825 | Zot:2    | Identified the staff of conjuration "Huiriocs" {rPois}
 73073 | Zot:2    | Noticed Vv
 73090 | Zot:2    | Killed Vv
 73689 | Zot:3    | Reached skill level 10 in Evocations
 73759 | Zot:3    | Received a gift from Trog
 73764 | Zot:3    | Reached XP level 25. HP: 188/282 MP: 19/19
 73803 | Zot:3    | HP: 6/282 [purple draconian shifter/bolt of dispelling
                  | energy (35)]
 73808 | Zot:3    | HP: 3/282 [black draconian/bolt of lightning[a purple
                  | draconian shifter] (6)]
 74853 | Zot:3    | Found a transporter.
 74862 | Zot:3    | Found a transporter.
 75559 | Zot:3    | Identified the ring of the Death Scarab {rElec rC- MP+9
                  | Str+6 Int+4}
 76013 | Zot:3    | Received a gift from Trog
 76203 | Zot:4    | Noticed an orb of fire
 76295 | Zot:4    | Gained mutation: Your body sometimes deteriorates upon
                  | taking damage. [an orb of fire]
 76297 | Zot:4    | Killed an orb of fire
 76624 | D:11     | Lost mutation: Your magical capacity is low. (-10% MP)
                  | [potion of mutation]
 76624 | D:11     | Lost mutation: You occasionally lose the ability to drink
                  | potions when taking damage. [potion of mutation]
 76624 | D:11     | Gained mutation: You are dopey. (Int -2) [potion of
                  | mutation]
 76624 | D:11     | Gained mutation: You are very robust. (+20% HP) [potion of
                  | mutation]
 76624 | D:11     | Gained mutation: Your muscles are strong. (Str +4, Int/Dex
                  | -1) [potion of mutation]
 76625 | D:11     | Lost mutation: You are very robust. (+20% HP) [potion of
                  | mutation]
 76625 | D:11     | Lost mutation: You possess an exceptional clarity of mind.
                  | [potion of mutation]
 76625 | D:11     | Lost mutation: You are dopey. (Int -2) [potion of mutation]
 76625 | D:11     | Gained mutation: You are dopey. (Int -2) [potion of
                  | mutation]
 76625 | D:11     | Gained mutation: Your spells are a little harder to cast,
                  | but a little more powerful. [potion of mutation]
 76625 | D:11     | Lost mutation: You occasionally lose the ability to read
                  | scrolls when taking damage. [potion of mutation]
 77705 | Zot:4    | Found the +27 heavy crossbow "Sniper" {heavy, Acc+∞ SInv}
 78105 | Zot:5    | Entered Level 5 of the Realm of Zot
 78517 | Zot:5    | Noticed a Killer Klown
 78535 | Zot:5    | Killed a Killer Klown
 78546 | Zot:5    | Received a gift from Trog
 78924 | Zot:5    | Noticed a dread lich
 78929 | Zot:5    | Noticed an orb of fire
 78929 | Zot:5    | Noticed a Killer Klown
 78930 | Zot:5    | Killed an orb of fire
 78931 | Zot:5    | Noticed an ancient lich
 78934 | Zot:5    | Killed a Killer Klown
 78935 | Zot:5    | Noticed an orb of fire
 78936 | Zot:5    | Noticed a Killer Klown
 78938 | Zot:5    | Killed a dread lich
 78939 | Zot:5    | Noticed a Killer Klown
 78945 | Zot:5    | Noticed a dread lich
 78946 | Zot:5    | Noticed an orb of fire
 78952 | Zot:5    | Gained mutation: Your flesh is cold resistant. (rC+) [an
                  | orb of fire]
 78954 | Zot:5    | Gained mutation: Your body often deteriorates upon taking
                  | damage. [an orb of fire]
 78955 | Zot:5    | Noticed an ancient lich
 78955 | Zot:5    | Gained mutation: Armour fits poorly on your strangely
                  | shaped body. [an orb of fire]
 78955 | Zot:5    | Noticed a Killer Klown
 78956 | Zot:5    | Killed an ancient lich
 78957 | Zot:5    | Gained mutation: You possess an exceptional clarity of
                  | mind. [an orb of fire]
 78958 | Zot:5    | Lost mutation: You possess an exceptional clarity of mind.
                  | [an orb of fire]
 78958 | Zot:5    | Gained mutation: You are very dopey. (Int -4) [an orb of
                  | fire]
 78962 | Zot:5    | Lost mutation: Your muscles are strong. (Str +4, Int/Dex
                  | -1) [an orb of fire]
 78963 | Zot:5    | Gained mutation: You occasionally lose the ability to drink
                  | potions when taking damage. [an orb of fire]
 78963 | Zot:5    | Noticed a Killer Klown
 78963 | Zot:5    | HP: 11/282 [Orb Guardian (24)]
 78964 | Zot:5    | Killed from afar by a black draconian knight

Illustrated notes

Levels and vault maps discovered:
D:1:      dpeg_arrival_another_circle, layout_basic, st_stairs_10,
          kennysheep_nondescript
D:2:      layout_loops_ring, shapermc_ecumenical_altar_mp_vishouse
D:3:      layout_basic, uniq_robin
D:4:      layout_loops_ring, mainiacjoe_overflow_catwalk,
          mainiacjoe_overflow_alcove_4, mainiacjoe_overflow_24_doors,
          chequers_serial_rivers_large_b, uniq_ijyb, uniq_crazy_yiuf_cottage
D:5:      layout_gridville, nicolae_elyvilon_temple_path,
          mainiacjoe_overflow_alcove_2, mainiacjoe_overflow_paths,
          minmay_temple_entry_purple_smoke
D:6:      layout_loops_ring, general_overflow_altar,
          nicolae_vehumet_altar_sigil, nicolae_gozag_seed_capital,
          grunt_decor_cap, chequers_serial_rivers_micro_e, uniq_prince_ribbit1
D:7:      layout_cave_pods, old_standard_altar, mainiacjoe_overflow_brackets,
          uniq_duvessa
D:8:      layout_gridville, cheibrodos_ashenzari_chains, uniq_joseph
D:9:      layout_irregular_city, tso_metal_star, nicolae_ru_awakened_eye,
          nicolae_dithmenos_through_a_glass_darkly, dpeg_lair_monsters,
          minmay_misc_feat_tower
D:10:     layout_cave_pods, kennysheep_little_box, minmay_stone_trees_small,
          uniq_fannar
D:11:     layout_rooms, orc_0_dummy
D:12:     layout_rooms
D:13:     layout_long_grid, uniq_lodul
D:14:     layout_layer_cave, ximxim_vaults_locker_room, minmay_misc_feat_tiny,
          minivault_13
D:15:     grunt_enter_depths_hoard, layout_irregular_city,
          chequers_serial_rivers_micro_a, nicolae_benzene_ring,
          kennysheep_kite_vault
Temple:   nicolae_temple_bog_church
Lair:1:   layout_cave_pods, gammafunk_ghost_cemetery, beast_lair_carwin_10,
          uniq_urug, uniq_nergalle, uniq_grum
Lair:2:   layout_cave_pods, minmay_shoals_entry_hut, minivault_24,
          chequers_serial_rivers_room_a, beast_lair_carwin_6
Lair:3:   layout_small_grid, dummy_snake_entry, portal_ice_cave_entry_pillars_2,
          nicolae_quartered_pool_little, beast_lair_carwin_4,
          grunt_megastairs_3, uniq_josephine, uniq_gastronok
Lair:4:   layout_roguey, slime_entry_2, serial_bayou_shore_a,
          infiniplex_staircase_pool
Lair:5:   evilmike_catoblepas_cave, layout_small_grid, grunt_megastairs_2,
          uniq_sonja
Shoals:1: layout_shoals, nicolae_shoals_gull_way
Shoals:2: layout_shoals, serial_shops, shop
Shoals:3: cheibrodos_shoals_roost, layout_shoals, uniq_ilsuiw, uniq_polyphemus
Shoals:4: shoals_end_grunt_ice, layout_shoals, uniq_nikola, uniq_mlioglotl
Snake:1:  nicolae_snake_nest, layout_onion, serial_shops,
          nicolae_shop_pleasant_corner_grove, drop_trap
Snake:2:  layout_honeycomb
Snake:3:  layout_cave_town, nicolae_coiled_stairwell_up, nicolae_triple_integral
Snake:4:  snake_pit, layout_chambers, uniq_aizul
Slime:1:  layout_caves, nicolae_slime_barrier
Slime:2:  nicolae_slime_pool, layout_caves
Slime:3:  layout_caves, cheibrodos_slime_lost_civilization_6
Slime:4:  layout_caves
Slime:5
Orc:1:    layout_caves, ebering_ghost_inner_flame
Orc:2:    st_orc_mages, layout_caves, gauntlet_entry_generic,
          nicolae_shop_firing_range
Vaults:1: vaults_standard_mumra_x, v_pattern_1,
          nicolae_vaults_closet_pinwheel_3, vaults_room_semicircle,
          nicolae_vaults_network_quincunx
          [nicolae_vaults_network_quincunx_subvault,
          nicolae_vaults_network_quincunx_subvault,
          nicolae_vaults_network_quincunx_subvault,
          nicolae_vaults_network_quincunx_subvault,
          nicolae_vaults_network_quincunx_subvault],
          nicolae_vaults_trapezoid_lopsided_1, grunt_vaults_twisty,
          nicolae_vaults_security_offices_3, nicolae_vaults_storage_closets_2,
          layout_vaults_omnicross
Vaults:2: portal_desolation_entry_ruin, nicolae_vaults_doubleplus_tesselated,
          nicolae_vaults_cochlea, nicolae_vaults_three_branches,
          nicolae_vaults_double_plus_3, dpeg_vaults_monster_box,
          layout_vaults_omnigrid
Vaults:3: nicolae_vaults_cochlea, blue_anna_dwarven_crypt, v_misc_5,
          nicolae_vaults_thirteen_compartments, nicolae_vaults_weapon_check,
          nicolae_vaults_taking_the_gang_shopping, ontoclasm_vaults_ligature,
          hangedman_vaults_river_flow, nicolae_vaults_heart-shaped_vault,
          layout_vaults_ring, serial_shops, shop
Vaults:4: v_alt_pattern_6, nicolae_vaults_trapezoid_3, hangedman_vaults_impose,
          hangedman_vaults_stream, vaults_room_door_ring, vaults_room_hallway,
          nicolae_vaults_rhombus_7, nicolae_vaults_house_1,
          layout_vaults_chaotic_city
Depths:1: layout_basic, serial_shops, bzr_entry_lakeside,
          nicolae_shop_rolling_square, nicolae_shop_industrial_runoff, shop,
          shop, abyss_entry_flame_altar, chequers_serial_rivers_micro_b,
          hell_entry, st_stairs_14, hangedman_cracks_in_the_wall
Depths:2: nicolae_aperiodic_l_corner, layout_cave_shapes, enter_ziggurat_e,
          chequers_jeans, grunt_hell_entry_demonic_statue, pan_entry,
          serial_bayou_shore_b, minmay_shop_star, serial_bayou_shore_b,
          infiniplex_staircase_river
Depths:3: minmay_bad_star, layout_gridlike, minmay_crystal_water, abyss_entry,
          hell_entry, minmay_staircase_windowed_large, serial_bayou_shore_b,
          uniq_jory
Depths:4: grunt_x_marks_the_spot, layout_gridville, hangedman_tar_grid_catacomb,
          nicolae_shop_clearance
Hell
Zot:1:    kennysheep_blocky_hall, layout_onion_interference, door_vault,
          uniq_grunn
Zot:2:    layout_misc_corridors, ebering_ghost_rock_garden,
          hangedman_zot_spectrum, uniq_vv
Zot:3:    gammafunk_sealed_arena, layout_twisted_circle
Zot:4:    layout_cathedral_of_symmetry, hangedman_elemental_corridor
Zot:5:    layout_twisted_circle

Skill      XL: |  1  2  3  4  5  6  7  8  9 10 11 12 13 14 15 16 17 18 19 20 21 22 23 24 25 |
---------------+----------------------------------------------------------------------------+-----
Axes           | 3 4 5 6 7 9 11 14 15 16 | 16.3
Fighting       | 4 6 8 10 12 15 17 19 20 21 22 24 25 27 | 27.0
Shields        | 4 6 7 8 11 13 14 17 20 21 22 23 | 23.0
Maces & Flails | 6 9 11 12 | 12.6
Armour         | 5 9 11 14 16 18 19 20 21 22 24 25 26 27 | 27.0
Throwing       | 5 9 10 11 14 16 18 | 18.0
Evocations     | 2 10 13 | 13.2

Action                     |  1- 3 |  4- 6 |  7- 9 | 10-12 | 13-15 | 16-18 | 19-21 | 22-24 | 25-27 || total
---------------------------+-------+-------+-------+-------+-------+-------+-------+-------+-------++-------
  Melee: War axe           |    72 |   118 |    17 |       |       |       |       |       |       ||   207
         Headbutt          |     7 |     9 |    49 |   110 |   280 |   437 |   575 |   364 |   137 ||  1968
         Hand axe          |       |       |   248 |    51 |       |       |       |       |       ||   299
         Eveningstar       |       |       |       |   412 |   716 |    78 |   840 |   720 |   264 ||  3030
         Broad axe         |       |       |       |       |   387 |  1419 |   887 |   336 |   109 ||  3138
         Morningstar       |       |       |       |       |       |    30 |       |       |       ||    30
         Demon whip        |       |       |       |       |       |       |    50 |    77 |    58 ||   185
   Fire: Sling             |    22 |    66 |    68 |    14 |       |       |       |       |       ||   170
  Throw: Dart              |       |       |     6 |    48 |    37 |    71 |    26 |    19 |       ||   207
         Javelin           |       |       |       |       |     3 |     7 |    18 |    58 |    24 ||   110
         Boomerang         |       |       |       |       |       |    89 |    53 |    66 |    86 ||   294
 Invoke: Berserk           |       |       |     3 |     7 |     6 |     5 |     7 |     1 |     4 ||    33
         Trog's Hand       |       |       |       |       |     3 |     3 |     5 |     4 |     3 ||    18
         Brothers in Arms  |       |       |       |       |     1 |     1 |     2 |     4 |     1 ||     9
Ability: Evoke Blink       |       |       |       |       |       |       |       |     1 |       ||     1
  Evoke: Wand              |       |       |     9 |     4 |    12 |       |       |       |     4 ||    29
         Condenser vane    |       |       |       |       |     1 |       |       |       |     1 ||     2
         Lightning rod     |       |       |       |       |       |     4 |       |       |       ||     4
         Phial of floods   |       |       |       |       |       |       |       |       |     1 ||     1
         Phantom mirror    |       |       |       |       |       |       |       |       |     1 ||     1
    Use: Scroll            |       |       |     3 |    13 |    12 |     6 |    14 |    11 |     5 ||    64
         Potion            |       |       |     1 |       |     3 |     3 |    15 |    12 |    12 ||    46
   Stab: Distracted        |       |       |       |       |     1 |       |     1 |     3 |       ||     5
         Invisible         |       |       |       |       |       |     7 |       |       |       ||     7
 Armour: Scale mail        |    31 |    54 |    40 |    33 |       |       |       |       |       ||   158
         Chain mail        |       |       |       |    75 |   347 |   484 |   504 |   606 |   213 ||  2229
         Ice dragon scales |       |       |       |       |    27 |       |       |       |       ||    27
  Dodge: Dodged            |    46 |    88 |   181 |   326 |   537 |   623 |   473 |   304 |    68 ||  2646
  Block: Buckler           |    16 |    24 |    28 |   101 |   176 |       |       |       |       ||   345
         Tower shield      |       |       |       |       |   184 |  1313 |  1620 |  1552 |   515 ||  5184
         Reflection        |       |       |       |       |       |       |       |    11 |    14 ||    25
